Panthers vs Devils

Created - 24 novembre 2018 at 22:28

Goals
1 2 3 OT1 T
Panthers 0 0 1 0 1
Devils 0 0 1 1 2
Shots
1 2 3 OT1 T
Panthers 13 10 12 1 36
Devils 17 12 8 4 41

1st period

No Goal

Penalties :
Nikolaj Ehlers (FLA) for Delaying the game (Minor) at 0:30, Samuel Girard (FLA) for Holding (Minor) at 11:39

2nd period

No Goal

Penalties :
Brooks Orpik (NJD) for Hooking (Minor) at 2:24, Joe Thornton (FLA) for Hooking (Minor) at 6:10

3rd period

1. Devils , Kevin Hayes 9 (Nicklas Backstrom 12, Justin Schultz 13) at 5:08
2. Panthers , T.J. Brodie 3 (Nikolaj Ehlers 8, Logan Couture 7) at 7:15 (PP)

Penalties :
Ryan Pulock (NJD) for Tripping (Minor) at 1:19, Logan Couture (FLA) for Hooking (Minor) at 1:19, Dustin Brown (NJD) for Hooking (Minor) at 6:45, Tyler Seguin (FLA) for Holding (Minor) at 13:55, Pierre-Edouard Bellemare (FLA) for Holding (Minor) at 19:04, Jacob Trouba (FLA) for Hooking (Minor) at 19:34

Overtime #1

3. Devils , Nicklas Backstrom 7 (Anton Stralman 1, Dustin Brown 8) at 2:59

Penalties :
No Penalty

Goalie Stats

Devan Dubnyk (FLA), 39 saves from 41 shots - (0.951), OTL, 6-6-6, 63:00 minutes
Marc-Andre Fleury (NJD), 35 saves from 36 shots - (0.972), W, 6-13-0, 63:00 minutes

Players Stats for Panthers

Player Name              G  A  P  +/- PIM S  H  SB GA TA FO     MP     PP MP  PK MP  
------------------------------------------------------------------------------------
Adam Henrique            0  0  0   0  0   4  1  0  0  0  9/19   13:12   0:00   2:29 
Alexander Kerfoot        0  0  0   0  0   0  1  0  0  0  1/1    11:33   0:00   0:50 
Andy Greene              0  0  0   0  0   0  3  0  0  0  0/0    15:47   1:17   1:07 
Blake Wheeler            0  0  0  -1  0   3  3  0  0  0  0/0    20:30   1:19   0:00 
Charlie McAvoy           0  0  0   0  0   0  1  1  0  0  0/0    22:45   1:12   5:23 
Francois Beauchemin      0  0  0  -1  0   0  2  2  0  0  0/0    19:08   0:00   4:47 
Jacob Trouba             0  0  0   0  2   3  0  0  0  0  0/0    21:52   1:12   4:30 
Joe Thornton             0  0  0  -1  2   2  1  0  0  0  11/18  16:06   1:10   0:00 
Joel Armia               0  0  0   0  0   1  1  0  0  0  0/0     7:44   0:00   2:29 
Logan Couture            0  1  1  -2  2   1  2  0  0  0  0/1    18:47   1:10   0:00 
Luke Glendening          0  0  0   0  0   0  1  1  0  0  11/22  11:20   0:00   6:05 
Matthew Tkachuk          0  0  0   0  0   5  2  0  0  0  1/2    16:27   1:19   0:40 
Nikolaj Ehlers           0  1  1   0  2   2  0  0  0  0  1/1    14:43   1:10   0:00 
Patrik Laine             0  0  0   0  0   3  0  0  0  0  0/0    10:43   0:00   0:00 
Pierre-Edouard Bellemare 0  0  0   0  2   0  0  0  0  0  1/2     9:51   0:00   4:37 
Samuel Girard            0  0  0  -1  2   1  0  0  0  0  0/0    19:06   0:00   0:00 
T.J. Brodie              1  0  1  -1  0   3  1  3  0  0  0/0    25:54   1:17   5:02 
Tyler Seguin             0  0  0  -1  2   8  0  0  0  0  21/32  22:10   1:19   1:41 

Players Stats for Devils

Player Name              G  A  P  +/- PIM S  H  SB GA TA FO     MP     PP MP  PK MP  
------------------------------------------------------------------------------------
Antoine Vermette         0  0  0   0  0   0  0  0  0  0  1/10    8:24   0:00   0:00 
Anton Stralman           0  1  1   1  0   3  1  1  0  0  0/0    26:32   6:13   1:29 
Bo Horvat                0  0  0   0  0   7  0  0  0  0  16/31  21:13   5:05   1:40 
Brooks Orpik             0  0  0   0  2   0  0  1  0  0  0/0     6:42   0:00   0:00 
Darren Helm              0  0  0   0  0   4  6  0  0  0  1/2    17:20   4:59   0:00 
Dustin Brown             0  1  1   2  2   2  3  0  0  0  1/1    22:15   4:50   0:49 
Eric Fehr                0  0  0   0  0   2  0  0  0  0  0/1    11:22   0:00   0:00 
Jordan Staal             0  0  0   0  0   2  2  0  0  0  8/13   13:55   0:00   0:49 
Justin Schultz           0  1  1   1  0   2  1  1  0  0  0/0    23:54   3:42   1:00 
Kevin Hayes              1  0  1   1  0   2  1  0  0  0  0/1    20:31   4:50   0:00 
Mike Cammalleri          0  0  0   0  0   1  2  0  0  0  0/0     8:09   0:00   0:00 
Nicklas Backstrom        1  1  2   2  0   4  0  0  0  0  15/38  24:07   4:50   1:40 
Pavel Zacha              0  0  0   0  0   0  1  0  0  0  0/0    11:28   0:06   0:00 
Ryan Pulock              0  0  0   1  2   4  1  3  0  0  0/0    21:05   3:42   1:00 
Sam Reinhart             0  0  0   0  0   3  0  0  0  0  0/1    16:34   5:05   0:00 
Shayne Gostisbehere      0  0  0   0  0   3  0  1  0  0  0/0    27:19   6:13   1:29 
Steven Santini           0  0  0   0  0   0  2  1  0  0  0/0    18:08   0:00   0:00 
Vinnie Hinostroza        0  0  0   0  0   2  0  0  0  0  0/0     8:09   0:00   0:00 

3 Stars

1 - Marc-Andre Fleury (NJD)
2 - Nicklas Backstrom (NJD)
3 - Devan Dubnyk (FLA)

Power Play

Panthers - 1 on 2 Attempt(s) - 50.00%
Devils - 0 on 6 Attempt(s) - 0.00%

Penalty Kill

Panthers - 6 on 6 Attempt(s) - 100.00% - Score 0 goal in Penalty Kill
Devils - 1 on 2 Attempt(s) - 50.00% - Score 0 goal in Penalty Kill

Team Stat

Panthers - Hits : 19 - Faceoff Wins : 56 - Blocked Shots : 7 - Penalty Minutes : 14
Devils - Hits : 20 - Faceoff Wins : 42 - Blocked Shots : 8 - Penalty Minutes : 6

Official

Referees : Wes McCauley and Rob Martell
Linesman : Andy McElman and Shandor Alphonso

Game Notes

Brooks Orpik is injured at 8:13 of 2nd period (Sprained Right Finger)

Finance

Level 1 -- Attendance: 6000 (100.00%) -- Ticket Income 672 000 $
Level 2 -- Attendance: 4402 (88.04%) -- Ticket Income 356 562 $
Level 3 -- Attendance: 2000 (100.00%) -- Ticket Income 160 000 $
Level 4 -- Attendance: 2918 (80.50%) -- Ticket Income 43 770 $
Luxury Box -- Attendance: 990 (99.00%) -- Ticket Income 193 050 $
Game was played at the Prudential Center.
Total Attendance: 16310 (92.54%)
Total Ticket Income: 1 425 382 $
Other Income: 698 437 $
Total Income: 2 123 819 $

% Time on Ice - Panthers

Lines # - Real PCT - Wanted PCT - Time Play
Normal Forward
1 - 37% - 40% - 17:09
2 - 29% - 30% - 13:34
3 - 23% - 20% - 10:43
4 - 11% - 10% - 5:15
Normal Defense
1 - 41% - 42% - 19:07
2 - 33% - 36% - 15:24
3 - 26% - 22% - 12:10
4 - 0% - 0% - 0:00
PP Forward
1 - 53% - 60% - 1:19
2 - 47% - 40% - 1:10
PP Defense
1 - 52% - 60% - 1:17
2 - 48% - 40% - 1:12
PK Forward
1 - 71% - 60% - 5:57
2 - 29% - 40% - 2:29
PK Defense
1 - 46% - 50% - 3:55
2 - 54% - 50% - 4:31
PK3 Forward
1 - 49% - 60% - 0:58
2 - 51% - 40% - 1:01
PK3 Defense
1 - 56% - 50% - 1:07
2 - 44% - 50% - 0:52
44 Forward
1 - 55% - 60% - 1:05
2 - 45% - 40% - 0:54
44 Defense
1 - 61% - 60% - 1:13
2 - 39% - 40% - 0:46
Last Minute Offensive  - 0:00
Last Minute Defensive  - 0:00
Total
Forward - 61:34
Defense - 61:34

% Time on Ice - Devils

Lines # - Real PCT - Wanted PCT - Time Play
Normal Forward
1 - 34% - 40% - 15:41
2 - 25% - 30% - 11:29
3 - 24% - 20% - 11:22
4 - 17% - 10% - 8:09
Normal Defense
1 - 28% - 40% - 12:57
2 - 27% - 30% - 12:43
3 - 43% - 20% - 19:55
4 - 2% - 10% - 1:06
PP Forward
1 - 49% - 60% - 4:50
2 - 51% - 40% - 5:05
PP Defense
1 - 63% - 60% - 6:13
2 - 37% - 40% - 3:42
PK Forward
1 - 67% - 60% - 1:40
2 - 33% - 40% - 0:49
PK Defense
1 - 60% - 60% - 1:29
2 - 40% - 40% - 1:00
PK3 Forward
1 - 0% - 60%
2 - 0% - 40%
PK3 Defense
1 - 0% - 60%
2 - 0% - 40%
44 Forward
1 - 75% - 60% - 1:52
2 - 25% - 40% - 0:37
44 Defense
1 - 42% - 60% - 1:02
2 - 58% - 40% - 1:27
Last Minute Offensive  - 0:00
Last Minute Defensive  - 0:00
Total
Forward - 61:34
Defense - 61:34

Play-by-Play

1st period


0:01 of 1st period - Nicklas Backstrom wins face-off versus Tyler Seguin in neutral zone.
0:01 of 1st period - Nicklas Backstrom is hit by Logan Couture.
0:04 of 1st period - Shayne Gostisbehere is hit by T.J. Brodie.
0:21 of 1st period - Shot by Logan Couture.
0:21 of 1st period - Stopped by Marc-Andre Fleury without a rebound.
0:22 of 1st period - Bo Horvat wins face-off versus Joe Thornton in Devils zone.
0:24 of 1st period - Icing by Sam Reinhart.
0:25 of 1st period - Adam Henrique wins face-off versus Bo Horvat in Devils zone.
0:28 of 1st period - Shot by Patrik Laine.
0:28 of 1st period - Stopped by Marc-Andre Fleury without a rebound.
0:29 of 1st period - Jordan Staal wins face-off versus Joe Thornton in Devils zone.
0:29 of 1st period - Jordan Staal is hit by Joe Thornton.
0:30 of 1st period - Minor Penalty to Nikolaj Ehlers for Delaying the game.
0:31 of 1st period - Nicklas Backstrom wins face-off versus Luke Glendening in Panthers zone.
0:42 of 1st period - Shot by Shayne Gostisbehere.
0:42 of 1st period - Stopped by Devan Dubnyk without a rebound.
0:43 of 1st period - Adam Henrique wins face-off versus Bo Horvat in Panthers zone.
1:12 of 1st period - Icing by Ryan Pulock.
1:13 of 1st period - Bo Horvat wins face-off versus Adam Henrique in Devils zone.
1:43 of 1st period - Icing by Shayne Gostisbehere.
1:44 of 1st period - Nicklas Backstrom wins face-off versus Adam Henrique in Devils zone.
1:44 of 1st period - Nicklas Backstrom is hit by Joel Armia.
2:35 of 1st period - Shot by Eric Fehr.
2:35 of 1st period - Shot Blocked by T.J. Brodie.
2:45 of 1st period - Shot by Nikolaj Ehlers.
2:45 of 1st period - Stopped by Marc-Andre Fleury without a rebound.
2:46 of 1st period - Bo Horvat wins face-off versus Tyler Seguin in Devils zone.
2:46 of 1st period - Bo Horvat is hit by Blake Wheeler.
3:01 of 1st period - Icing by Jacob Trouba.
3:02 of 1st period - Jordan Staal wins face-off versus Tyler Seguin in Panthers zone.
3:02 of 1st period - Eric Fehr is hit by Charlie McAvoy and loses puck.
3:09 of 1st period - Shot by Jordan Staal.
3:09 of 1st period - Stopped by Devan Dubnyk without a rebound.
3:10 of 1st period - Matthew Tkachuk wins face-off versus Bo Horvat in Panthers zone.
3:10 of 1st period - Matthew Tkachuk is hit by Darren Helm.
3:26 of 1st period - T.J. Brodie is hit by Darren Helm and loses puck.
3:31 of 1st period - Shot by Sam Reinhart.
3:31 of 1st period - Stopped by Devan Dubnyk without a rebound.
3:32 of 1st period - Tyler Seguin wins face-off versus Nicklas Backstrom in Panthers zone.
3:59 of 1st period - Shot by Tyler Seguin.
3:59 of 1st period - Stopped by Marc-Andre Fleury without a rebound.
4:00 of 1st period - Bo Horvat wins face-off versus Adam Henrique in Devils zone.
4:15 of 1st period - Darren Helm is hit by Alexander Kerfoot and loses puck.
4:48 of 1st period - Icing by Francois Beauchemin.
4:49 of 1st period - Adam Henrique wins face-off versus Kevin Hayes in Panthers zone.
5:06 of 1st period - Shot by Kevin Hayes.
5:06 of 1st period - Shot Misses the Net.
5:08 of 1st period - Shot by Nicklas Backstrom.
5:08 of 1st period - Shot Misses the Net.
5:18 of 1st period - Shot by Matthew Tkachuk.
5:18 of 1st period - Shot Blocked by Justin Schultz.
5:52 of 1st period - Shot by Jordan Staal.
5:52 of 1st period - Deflect By Eric Fehr.
5:52 of 1st period - Stopped by Devan Dubnyk without a rebound.
5:53 of 1st period - Antoine Vermette wins face-off versus Tyler Seguin in Panthers zone.
6:14 of 1st period - Shot by Mike Cammalleri.
6:14 of 1st period - Stopped by Devan Dubnyk without a rebound.
6:15 of 1st period - Luke Glendening wins face-off versus Jordan Staal in Panthers zone.
6:15 of 1st period - Luke Glendening is hit by Pavel Zacha.
6:36 of 1st period - Shot by Pavel Zacha.
6:36 of 1st period - Shot Misses the Net.
7:32 of 1st period - Icing by Charlie McAvoy.
7:33 of 1st period - Tyler Seguin wins face-off versus Nicklas Backstrom in Panthers zone.
7:44 of 1st period - Shot by Tyler Seguin.
7:44 of 1st period - Stopped by Marc-Andre Fleury without a rebound.
7:45 of 1st period - Joe Thornton wins face-off versus Bo Horvat in Devils zone.
8:20 of 1st period - Shot by T.J. Brodie.
8:20 of 1st period - Shot Misses the Net.
8:53 of 1st period - Shot by Nicklas Backstrom.
8:53 of 1st period - Stopped by Devan Dubnyk without a rebound.
8:54 of 1st period - Adam Henrique wins face-off versus Antoine Vermette in Panthers zone.
10:38 of 1st period - Shot by Darren Helm.
10:38 of 1st period - Shot Misses the Net.
10:40 of 1st period - Shot by Ryan Pulock.
10:40 of 1st period - Stopped by Devan Dubnyk with a rebound.
10:42 of 1st period - Shot by Bo Horvat.
10:42 of 1st period - Stopped by Devan Dubnyk without a rebound.
10:43 of 1st period - Joe Thornton wins face-off versus Jordan Staal in Panthers zone.
11:32 of 1st period - Shot by Sam Reinhart.
11:32 of 1st period - Shot Misses the Net.
11:34 of 1st period - Shot by Bo Horvat.
11:34 of 1st period - Shot Blocked by T.J. Brodie.
11:39 of 1st period - Minor Penalty to Samuel Girard for Holding.
11:40 of 1st period - Pierre-Edouard Bellemare wins face-off versus Nicklas Backstrom in Panthers zone.
11:40 of 1st period - Pierre-Edouard Bellemare is hit by Dustin Brown.
11:52 of 1st period - Shot by Justin Schultz.
11:52 of 1st period - Stopped by Devan Dubnyk without a rebound.
11:53 of 1st period - Bo Horvat wins face-off versus Luke Glendening in Panthers zone.
12:01 of 1st period - Icing by Bo Horvat.
12:02 of 1st period - Luke Glendening wins face-off versus Bo Horvat in Devils zone.
12:09 of 1st period - Shot by Jacob Trouba.
12:09 of 1st period - Stopped by Marc-Andre Fleury without a rebound.
12:10 of 1st period - Nicklas Backstrom wins face-off versus Luke Glendening in Devils zone.
12:23 of 1st period - Shot by Anton Stralman.
12:23 of 1st period - Shot Misses the Net.
12:25 of 1st period - Shot by Dustin Brown.
12:25 of 1st period - Shot Blocked by Luke Glendening.
12:27 of 1st period - Shot by Anton Stralman.
12:27 of 1st period - Shot Misses the Net.
12:29 of 1st period - Shot by Dustin Brown.
12:29 of 1st period - Shot Misses the Net.
12:31 of 1st period - Shot by Kevin Hayes.
12:31 of 1st period - Shot Misses the Net.
12:33 of 1st period - Shot by Nicklas Backstrom.
12:33 of 1st period - Shot Hit the Post.
12:35 of 1st period - Shot by Nicklas Backstrom.
12:35 of 1st period - Shot Misses the Net.
12:43 of 1st period - Shot by Nicklas Backstrom.
12:43 of 1st period - Shot Misses the Net.
12:45 of 1st period - Shot by Anton Stralman.
12:45 of 1st period - Stopped by Devan Dubnyk without a rebound.
12:46 of 1st period - Bo Horvat wins face-off versus Adam Henrique in Panthers zone.
12:51 of 1st period - Shot by Bo Horvat.
12:51 of 1st period - Stopped by Devan Dubnyk without a rebound.
12:52 of 1st period - Adam Henrique wins face-off versus Sam Reinhart in Panthers zone.
12:52 of 1st period - Adam Henrique is hit by Darren Helm.
13:04 of 1st period - Shot by Ryan Pulock.
13:04 of 1st period - Stopped by Devan Dubnyk with a rebound.
13:06 of 1st period - Shot by Justin Schultz.
13:06 of 1st period - Shot Misses the Net.
13:08 of 1st period - Shot by Ryan Pulock.
13:08 of 1st period - Stopped by Devan Dubnyk without a rebound.
13:09 of 1st period - Adam Henrique wins face-off versus Nicklas Backstrom in Panthers zone.
13:32 of 1st period - Shot by Kevin Hayes.
13:32 of 1st period - Stopped by Devan Dubnyk without a rebound.
13:33 of 1st period - Luke Glendening wins face-off versus Bo Horvat in Panthers zone.
13:33 of 1st period - Luke Glendening is hit by Darren Helm.
14:06 of 1st period - Shot by Tyler Seguin.
14:06 of 1st period - Stopped by Marc-Andre Fleury without a rebound.
14:07 of 1st period - Nicklas Backstrom wins face-off versus Adam Henrique in Devils zone.
14:26 of 1st period - Shot by Jacob Trouba.
14:26 of 1st period - Shot Blocked by Shayne Gostisbehere.
14:28 of 1st period - Shot by Jacob Trouba.
14:28 of 1st period - Stopped by Marc-Andre Fleury with a rebound.
14:30 of 1st period - Shot by Adam Henrique.
14:30 of 1st period - Stopped by Marc-Andre Fleury without a rebound.
14:31 of 1st period - Tyler Seguin wins face-off versus Bo Horvat in Devils zone.
14:38 of 1st period - Shot by Tyler Seguin.
14:38 of 1st period - Stopped by Marc-Andre Fleury without a rebound.
14:39 of 1st period - Tyler Seguin wins face-off versus Bo Horvat in Devils zone.
14:48 of 1st period - Shot by Tyler Seguin.
14:48 of 1st period - Deflect By Blake Wheeler.
14:48 of 1st period - Stopped by Marc-Andre Fleury without a rebound.
14:49 of 1st period - Joe Thornton wins face-off versus Nicklas Backstrom in Devils zone.
15:06 of 1st period - Shot by Dustin Brown.
15:06 of 1st period - Stopped by Devan Dubnyk without a rebound.
15:07 of 1st period - Bo Horvat wins face-off versus Logan Couture in Panthers zone.
15:18 of 1st period - Shot by Bo Horvat.
15:18 of 1st period - Stopped by Devan Dubnyk without a rebound.
15:19 of 1st period - Alexander Kerfoot wins face-off versus Nicklas Backstrom in Panthers zone.
15:19 of 1st period - Alexander Kerfoot is hit by Dustin Brown.
15:56 of 1st period - Off-side.
15:57 of 1st period - Tyler Seguin wins face-off versus Bo Horvat in neutral zone.
16:16 of 1st period - Shot by Sam Reinhart.
16:16 of 1st period - Stopped by Devan Dubnyk without a rebound.
16:17 of 1st period - Joe Thornton wins face-off versus Jordan Staal in Panthers zone.
16:42 of 1st period - Joe Thornton is hit by Steven Santini and loses puck.
17:17 of 1st period - Icing by Brooks Orpik.
17:18 of 1st period - Jordan Staal wins face-off versus Pierre-Edouard Bellemare in Devils zone.
17:18 of 1st period - Jordan Staal is hit by Luke Glendening.
18:06 of 1st period - Shot by Blake Wheeler.
18:06 of 1st period - Deflect By Tyler Seguin.
18:06 of 1st period - Stopped by Marc-Andre Fleury without a rebound.
18:07 of 1st period - Tyler Seguin wins face-off versus Nicklas Backstrom in Devils zone.
18:17 of 1st period - Off-side.
18:18 of 1st period - Darren Helm wins face-off versus Matthew Tkachuk in neutral zone.
18:53 of 1st period - Shot by Matthew Tkachuk.
18:53 of 1st period - Stopped by Marc-Andre Fleury without a rebound.
18:54 of 1st period - Tyler Seguin wins face-off versus Nicklas Backstrom in Devils zone.
Goals for this period are 0 for Panthers vs 0 for Devils.
Shots for this period are 13 for Panthers vs 17 for Devils.

2nd period


0:01 of 2nd period - Nicklas Backstrom wins face-off versus Tyler Seguin in neutral zone.
0:15 of 2nd period - Shot by Dustin Brown.
0:15 of 2nd period - Shot Blocked by T.J. Brodie.
0:17 of 2nd period - Shot by Dustin Brown.
0:17 of 2nd period - Shot Misses the Net.
1:05 of 2nd period - Shot by Adam Henrique.
1:05 of 2nd period - Stopped by Marc-Andre Fleury without a rebound.
1:06 of 2nd period - Joe Thornton wins face-off versus Bo Horvat in Devils zone.
1:07 of 2nd period - Shot by Matthew Tkachuk.
1:07 of 2nd period - Shot Misses the Net.
1:18 of 2nd period - Justin Schultz is hit by Andy Greene and loses puck.
1:27 of 2nd period - Shot by Bo Horvat.
1:27 of 2nd period - Shot Blocked by Francois Beauchemin.
1:29 of 2nd period - Shot by Darren Helm.
1:29 of 2nd period - Stopped by Devan Dubnyk with a rebound.
1:43 of 2nd period - Shot by Sam Reinhart.
1:43 of 2nd period - Deflect By Darren Helm.
1:43 of 2nd period - Stopped by Devan Dubnyk without a rebound.
1:44 of 2nd period - Adam Henrique wins face-off versus Antoine Vermette in Panthers zone.
1:44 of 2nd period - Charlie McAvoy is hit by Mike Cammalleri and loses puck.
1:53 of 2nd period - Shot by Patrik Laine.
1:53 of 2nd period - Stopped by Marc-Andre Fleury without a rebound.
1:54 of 2nd period - Jordan Staal wins face-off versus Tyler Seguin in Devils zone.
2:24 of 2nd period - Minor Penalty to Brooks Orpik for Hooking.
2:25 of 2nd period - Joe Thornton wins face-off versus Bo Horvat in Devils zone.
2:30 of 2nd period - Shot by Logan Couture.
2:30 of 2nd period - Deflect By Joe Thornton.
2:30 of 2nd period - Stopped by Marc-Andre Fleury without a rebound.
2:31 of 2nd period - Tyler Seguin wins face-off versus Nicklas Backstrom in Devils zone.
4:10 of 2nd period - Shot by Tyler Seguin.
4:10 of 2nd period - Shot Misses the Net.
4:52 of 2nd period - Shot by Antoine Vermette.
4:52 of 2nd period - Deflect By Vinnie Hinostroza.
4:52 of 2nd period - Stopped by Devan Dubnyk without a rebound.
4:53 of 2nd period - Bo Horvat wins face-off versus Luke Glendening in Panthers zone.
5:01 of 2nd period - Icing by Jacob Trouba.
5:02 of 2nd period - Luke Glendening wins face-off versus Eric Fehr in Panthers zone.
5:23 of 2nd period - Shot by Jordan Staal.
5:23 of 2nd period - Stopped by Devan Dubnyk without a rebound.
5:24 of 2nd period - Tyler Seguin wins face-off versus Nicklas Backstrom in Panthers zone.
5:50 of 2nd period - Off-side.
5:51 of 2nd period - Bo Horvat wins face-off versus Joe Thornton in neutral zone.
6:10 of 2nd period - Minor Penalty to Joe Thornton for Hooking.
6:11 of 2nd period - Luke Glendening wins face-off versus Nicklas Backstrom in Panthers zone.
6:11 of 2nd period - Luke Glendening is hit by Dustin Brown.
8:13 of 2nd period - Shot by Samuel Girard.
8:13 of 2nd period - Deflect By Matthew Tkachuk.
8:13 of 2nd period - Shot Blocked by Brooks Orpik.
8:13 of 2nd period - Brooks Orpik from Devils is injured at 8:13 of 2nd period (Sprained Right Finger).
8:14 of 2nd period - Tyler Seguin wins face-off versus Antoine Vermette in Devils zone.
8:26 of 2nd period - Icing by Mike Cammalleri.
8:27 of 2nd period - Joe Thornton wins face-off versus Antoine Vermette in Devils zone.
9:01 of 2nd period - Shot by Matthew Tkachuk.
9:01 of 2nd period - Shot Misses the Net.
9:03 of 2nd period - Shot by Jacob Trouba.
9:03 of 2nd period - Deflect By Matthew Tkachuk.
9:03 of 2nd period - Stopped by Marc-Andre Fleury with a rebound.
9:29 of 2nd period - Shot by Darren Helm.
9:29 of 2nd period - Stopped by Devan Dubnyk without a rebound.
9:30 of 2nd period - Nicklas Backstrom wins face-off versus Adam Henrique in Panthers zone.
10:03 of 2nd period - Shot by Adam Henrique.
10:03 of 2nd period - Deflect By Patrik Laine.
10:03 of 2nd period - Shot Blocked by Anton Stralman.
10:35 of 2nd period - Alexander Kerfoot is hit by Darren Helm and loses puck.
10:40 of 2nd period - Shot by Sam Reinhart.
10:40 of 2nd period - Shot Misses the Net.
10:46 of 2nd period - Shot by Sam Reinhart.
10:46 of 2nd period - Shot Misses the Net.
11:48 of 2nd period - Shot by Tyler Seguin.
11:48 of 2nd period - Stopped by Marc-Andre Fleury without a rebound.
11:49 of 2nd period - Joe Thornton wins face-off versus Antoine Vermette in Devils zone.
11:54 of 2nd period - Shot by Joe Thornton.
11:54 of 2nd period - Shot Misses the Net.
12:18 of 2nd period - Antoine Vermette is hit by Francois Beauchemin and loses puck.
12:34 of 2nd period - Nicklas Backstrom is hit by Andy Greene and loses puck.
12:37 of 2nd period - Shot by Dustin Brown.
12:37 of 2nd period - Stopped by Devan Dubnyk without a rebound.
12:38 of 2nd period - Tyler Seguin wins face-off versus Bo Horvat in Panthers zone.
12:55 of 2nd period - Tyler Seguin is hit by Darren Helm and loses puck.
13:18 of 2nd period - Shot by Shayne Gostisbehere.
13:18 of 2nd period - Stopped by Devan Dubnyk without a rebound.
13:19 of 2nd period - Luke Glendening wins face-off versus Nicklas Backstrom in Panthers zone.
13:19 of 2nd period - Joel Armia is hit by Kevin Hayes.
13:24 of 2nd period - Nicklas Backstrom is hit by Andy Greene and loses puck.
13:29 of 2nd period - Shot by Dustin Brown.
13:29 of 2nd period - Shot Misses the Net.
13:45 of 2nd period - Shot by Kevin Hayes.
13:45 of 2nd period - Shot Misses the Net.
14:36 of 2nd period - Shot by Nikolaj Ehlers.
14:36 of 2nd period - Stopped by Marc-Andre Fleury without a rebound.
14:37 of 2nd period - Tyler Seguin wins face-off versus Bo Horvat in Devils zone.
15:13 of 2nd period - Shot by Tyler Seguin.
15:13 of 2nd period - Stopped by Marc-Andre Fleury without a rebound.
15:14 of 2nd period - Nikolaj Ehlers wins face-off versus Nicklas Backstrom in Devils zone.
15:23 of 2nd period - Shot by Matthew Tkachuk.
15:23 of 2nd period - Stopped by Marc-Andre Fleury without a rebound.
15:24 of 2nd period - Nicklas Backstrom wins face-off versus Adam Henrique in Devils zone.
15:24 of 2nd period - Nicklas Backstrom is hit by Adam Henrique.
15:31 of 2nd period - Off-side.
15:32 of 2nd period - Dustin Brown wins face-off versus Joe Thornton in neutral zone.
16:24 of 2nd period - Icing by Shayne Gostisbehere.
16:25 of 2nd period - Tyler Seguin wins face-off versus Nicklas Backstrom in Devils zone.
16:28 of 2nd period - Shot by Blake Wheeler.
16:28 of 2nd period - Stopped by Marc-Andre Fleury without a rebound.
16:29 of 2nd period - Bo Horvat wins face-off versus Tyler Seguin in Devils zone.
16:40 of 2nd period - Shot by Bo Horvat.
16:40 of 2nd period - Stopped by Devan Dubnyk with a rebound.
16:42 of 2nd period - Shot by Justin Schultz.
16:42 of 2nd period - Shot Misses the Net.
16:48 of 2nd period - Shot by Bo Horvat.
16:48 of 2nd period - Stopped by Devan Dubnyk with a rebound.
16:50 of 2nd period - Shot by Sam Reinhart.
16:50 of 2nd period - Stopped by Devan Dubnyk with a rebound.
16:52 of 2nd period - Shot by Darren Helm.
16:52 of 2nd period - Stopped by Devan Dubnyk with a rebound.
16:54 of 2nd period - Shot by Ryan Pulock.
16:54 of 2nd period - Stopped by Devan Dubnyk without a rebound.
16:55 of 2nd period - Jordan Staal wins face-off versus Adam Henrique in Panthers zone.
16:56 of 2nd period - Shot by Eric Fehr.
16:56 of 2nd period - Shot Misses the Net.
17:18 of 2nd period - Andy Greene is hit by Jordan Staal and loses puck.
17:25 of 2nd period - Shot by Adam Henrique.
17:25 of 2nd period - Stopped by Marc-Andre Fleury without a rebound.
17:26 of 2nd period - Tyler Seguin wins face-off versus Nicklas Backstrom in Devils zone.
19:10 of 2nd period - Off-side.
19:11 of 2nd period - Jordan Staal wins face-off versus Adam Henrique in neutral zone.
19:21 of 2nd period - Adam Henrique is hit by Justin Schultz and loses puck.
19:46 of 2nd period - Adam Henrique is hit by Jordan Staal and loses puck.
Goals for this period are 0 for Panthers vs 0 for Devils.
Shots for this period are 10 for Panthers vs 12 for Devils.

3rd period


0:01 of 3rd period - Nicklas Backstrom wins face-off versus Tyler Seguin in neutral zone.
0:10 of 3rd period - Shot by Nicklas Backstrom.
0:10 of 3rd period - Shot Misses the Net.
0:12 of 3rd period - Shot by Anton Stralman.
0:12 of 3rd period - Deflect By Nicklas Backstrom.
0:12 of 3rd period - Stopped by Devan Dubnyk with a rebound.
0:14 of 3rd period - Shot by Anton Stralman.
0:14 of 3rd period - Stopped by Devan Dubnyk without a rebound.
0:15 of 3rd period - Joe Thornton wins face-off versus Bo Horvat in Panthers zone.
0:20 of 3rd period - Shot by Nikolaj Ehlers.
0:20 of 3rd period - Shot Misses the Net.
0:33 of 3rd period - Icing by Sam Reinhart.
0:34 of 3rd period - Tyler Seguin wins face-off versus Bo Horvat in Devils zone.
0:34 of 3rd period - Tyler Seguin is hit by Ryan Pulock.
0:46 of 3rd period - Shot by Tyler Seguin.
0:46 of 3rd period - Stopped by Marc-Andre Fleury without a rebound.
0:47 of 3rd period - Nicklas Backstrom wins face-off versus Joe Thornton in Devils zone.
1:00 of 3rd period - Shot by Nicklas Backstrom.
1:00 of 3rd period - Stopped by Devan Dubnyk without a rebound.
1:01 of 3rd period - Bo Horvat wins face-off versus Tyler Seguin in Panthers zone.
1:19 of 3rd period - Minor Penalty to Ryan Pulock for Tripping.
1:19 of 3rd period - Minor Penalty to Logan Couture for Hooking.
1:20 of 3rd period - Tyler Seguin wins face-off versus Nicklas Backstrom in Devils zone.
1:35 of 3rd period - Shot by Tyler Seguin.
1:35 of 3rd period - Shot Misses the Net.
1:38 of 3rd period - Icing by Anton Stralman.
1:39 of 3rd period - Tyler Seguin wins face-off versus Nicklas Backstrom in Devils zone.
2:34 of 3rd period - Shot by Dustin Brown.
2:34 of 3rd period - Shot Blocked by Francois Beauchemin.
2:41 of 3rd period - Dustin Brown is hit by Francois Beauchemin.
3:26 of 3rd period - Shot by Vinnie Hinostroza.
3:26 of 3rd period - Stopped by Devan Dubnyk with a rebound.
3:40 of 3rd period - Shot by Adam Henrique.
3:40 of 3rd period - Shot Blocked by Steven Santini.
3:42 of 3rd period - Shot by Samuel Girard.
3:42 of 3rd period - Stopped by Marc-Andre Fleury with a rebound.
3:50 of 3rd period - Shot by Patrik Laine.
3:50 of 3rd period - Shot Blocked by Ryan Pulock.
3:52 of 3rd period - Shot by T.J. Brodie.
3:52 of 3rd period - Stopped by Marc-Andre Fleury without a rebound.
3:53 of 3rd period - Luke Glendening wins face-off versus Jordan Staal in Devils zone.
5:08 of 3rd period - Shot by Kevin Hayes.
5:08 of 3rd period - Goal by Kevin Hayes - Panthers : 0 - Devils : 1.
5:09 of 3rd period - Joe Thornton wins face-off versus Darren Helm in neutral zone.
5:41 of 3rd period - Shot by Matthew Tkachuk.
5:41 of 3rd period - Stopped by Marc-Andre Fleury without a rebound.
5:42 of 3rd period - Nicklas Backstrom wins face-off versus Tyler Seguin in Devils zone.
5:55 of 3rd period - Shot by Blake Wheeler.
5:55 of 3rd period - Stopped by Marc-Andre Fleury without a rebound.
5:56 of 3rd period - Adam Henrique wins face-off versus Antoine Vermette in Devils zone.
6:45 of 3rd period - Minor Penalty to Dustin Brown for Hooking.
6:46 of 3rd period - Tyler Seguin wins face-off versus Nicklas Backstrom in Devils zone.
6:53 of 3rd period - Shot by Tyler Seguin.
6:53 of 3rd period - Shot Misses the Net.
6:55 of 3rd period - Shot by Jacob Trouba.
6:55 of 3rd period - Shot Misses the Net.
6:57 of 3rd period - Shot by Jacob Trouba.
6:57 of 3rd period - Shot Blocked by Ryan Pulock.
6:59 of 3rd period - Shot by Matthew Tkachuk.
6:59 of 3rd period - Deflect By Tyler Seguin.
6:59 of 3rd period - Shot Misses the Net.
7:01 of 3rd period - Shot by Jacob Trouba.
7:01 of 3rd period - Stopped by Marc-Andre Fleury without a rebound.
7:02 of 3rd period - Joe Thornton wins face-off versus Nicklas Backstrom in Devils zone.
7:13 of 3rd period - Shot by Nikolaj Ehlers.
7:13 of 3rd period - Shot Misses the Net.
7:15 of 3rd period - Shot by T.J. Brodie.
7:15 of 3rd period - Goal by T.J. Brodie - Panthers : 1 - Devils : 1.
7:16 of 3rd period - Jordan Staal wins face-off versus Luke Glendening in neutral zone.
7:26 of 3rd period - Shot by Joel Armia.
7:26 of 3rd period - Stopped by Marc-Andre Fleury without a rebound.
7:27 of 3rd period - Tyler Seguin wins face-off versus Nicklas Backstrom in Devils zone.
7:42 of 3rd period - Shot by Tyler Seguin.
7:42 of 3rd period - Shot Misses the Net.
8:35 of 3rd period - Bo Horvat is hit by Matthew Tkachuk and loses puck.
8:50 of 3rd period - Shot by Joe Thornton.
8:50 of 3rd period - Shot Misses the Net.
9:17 of 3rd period - Adam Henrique is hit by Anton Stralman and loses puck.
9:28 of 3rd period - Shot by Patrik Laine.
9:28 of 3rd period - Stopped by Marc-Andre Fleury with a rebound.
9:30 of 3rd period - Shot by Alexander Kerfoot.
9:30 of 3rd period - Shot Misses the Net.
9:38 of 3rd period - Shot by Adam Henrique.
9:38 of 3rd period - Stopped by Marc-Andre Fleury without a rebound.
9:39 of 3rd period - Luke Glendening wins face-off versus Antoine Vermette in Devils zone.
10:58 of 3rd period - Logan Couture is hit by Steven Santini and loses puck.
11:55 of 3rd period - Shot by Matthew Tkachuk.
11:55 of 3rd period - Shot Blocked by Ryan Pulock.
11:57 of 3rd period - Shot by Matthew Tkachuk.
11:57 of 3rd period - Stopped by Marc-Andre Fleury without a rebound.
11:58 of 3rd period - Bo Horvat wins face-off versus Adam Henrique in Devils zone.
13:14 of 3rd period - Icing by T.J. Brodie.
13:15 of 3rd period - Tyler Seguin wins face-off versus Nicklas Backstrom in Panthers zone.
13:20 of 3rd period - Kevin Hayes is hit by Blake Wheeler and loses puck.
13:53 of 3rd period - Dustin Brown is hit by Blake Wheeler and loses puck.
13:55 of 3rd period - Minor Penalty to Tyler Seguin for Holding.
13:56 of 3rd period - Bo Horvat wins face-off versus Luke Glendening in Panthers zone.
13:57 of 3rd period - Shot by Shayne Gostisbehere.
13:57 of 3rd period - Shot Hit the Post.
13:59 of 3rd period - Shot by Bo Horvat.
13:59 of 3rd period - Shot Misses the Net.
14:01 of 3rd period - Shot by Anton Stralman.
14:01 of 3rd period - Stopped by Devan Dubnyk without a rebound.
14:02 of 3rd period - Bo Horvat wins face-off versus Luke Glendening in Panthers zone.
14:22 of 3rd period - Icing by Anton Stralman.
14:23 of 3rd period - Bo Horvat wins face-off versus Luke Glendening in Devils zone.
15:37 of 3rd period - Shot by Matthew Tkachuk.
15:37 of 3rd period - Shot Misses the Net.
15:39 of 3rd period - Shot by T.J. Brodie.
15:39 of 3rd period - Shot Misses the Net.
16:13 of 3rd period - Shot by Justin Schultz.
16:13 of 3rd period - Stopped by Devan Dubnyk without a rebound.
16:14 of 3rd period - Jordan Staal wins face-off versus Joe Thornton in Panthers zone.
16:21 of 3rd period - Shot by Nikolaj Ehlers.
16:21 of 3rd period - Shot Misses the Net.
16:23 of 3rd period - Shot by T.J. Brodie.
16:23 of 3rd period - Stopped by Marc-Andre Fleury with a rebound.
17:03 of 3rd period - Steven Santini is hit by Matthew Tkachuk.
17:11 of 3rd period - Off-side.
17:12 of 3rd period - Tyler Seguin wins face-off versus Antoine Vermette in neutral zone.
17:12 of 3rd period - Tyler Seguin is hit by Mike Cammalleri.
18:29 of 3rd period - Icing by Francois Beauchemin.
18:30 of 3rd period - Adam Henrique wins face-off versus Jordan Staal in Panthers zone.
18:41 of 3rd period - Shot by Eric Fehr.
18:41 of 3rd period - Stopped by Devan Dubnyk without a rebound.
18:42 of 3rd period - Luke Glendening wins face-off versus Antoine Vermette in Panthers zone.
19:04 of 3rd period - Minor Penalty to Pierre-Edouard Bellemare for Holding.
19:05 of 3rd period - Nicklas Backstrom wins face-off versus Luke Glendening in Panthers zone.
19:34 of 3rd period - Minor Penalty to Jacob Trouba for Hooking.
19:35 of 3rd period - Bo Horvat wins face-off versus Tyler Seguin in Panthers zone.
Goals for this period are 1 for Panthers vs 1 for Devils.
Shots for this period are 12 for Panthers vs 8 for Devils.

Overtime #1


0:01 of 1st overtime period - Nicklas Backstrom wins face-off versus Luke Glendening in neutral zone.
0:08 of 1st overtime period - Shot by Shayne Gostisbehere.
0:08 of 1st overtime period - Shot Blocked by Charlie McAvoy.
0:26 of 1st overtime period - Shot by Shayne Gostisbehere.
0:26 of 1st overtime period - Stopped by Devan Dubnyk with a rebound.
1:18 of 1st overtime period - Shot by Bo Horvat.
1:18 of 1st overtime period - Stopped by Devan Dubnyk without a rebound.
1:19 of 1st overtime period - Nicklas Backstrom wins face-off versus Luke Glendening in Panthers zone.
1:24 of 1st overtime period - Shot by Bo Horvat.
1:24 of 1st overtime period - Stopped by Devan Dubnyk without a rebound.
1:25 of 1st overtime period - Luke Glendening wins face-off versus Nicklas Backstrom in Panthers zone.
1:31 of 1st overtime period - Icing by Anton Stralman.
1:32 of 1st overtime period - Luke Glendening wins face-off versus Nicklas Backstrom in Devils zone.
2:46 of 1st overtime period - Shot by Joe Thornton.
2:46 of 1st overtime period - Stopped by Marc-Andre Fleury without a rebound.
2:47 of 1st overtime period - Nicklas Backstrom wins face-off versus Joe Thornton in Devils zone.
2:47 of 1st overtime period - Nicklas Backstrom is hit by Logan Couture.
2:59 of 1st overtime period - Shot by Nicklas Backstrom.
2:59 of 1st overtime period - Goal by Nicklas Backstrom - Panthers : 1 - Devils : 2.
Goals for this period are 0 for Panthers vs 1 for Devils.
Shots for this period are 1 for Panthers vs 4 for Devils.